 Dungeon Crawl Stone Soup version 0.26-b1-32-g5d43845318 (webtiles) character file.

Game seed: 13152425727015442491

12282 Canard the Grappler (level 11, -8/113 HPs)
             Began as a Troll Delver on Jan 11, 2021.
             Was a High Priest of Zin.
             Mangled by a white ugly thing (34 damage)
             ... in an ice cave.
             The game lasted 00:24:00 (10116 turns).

Canard the Grappler (Troll Delver)                 Turns: 10116, Time: 00:24:00

Health: -8/113     AC: 10    Str: 25    XL:     11   Next: 60%
Magic:  14/14      EV:  9    Int:  6    God:    Zin [*****.]
Gold:   619        SH:  8    Dex: 11    Spells: 10/10 levels left

rFire    . . .     SeeInvis .     - Unarmed
rCold    . . .     Faith    .   u - +0 kite shield
rNeg     . . .     Spirit   .   n - +0 troll leather armour
rPois    +         Reflect  .   (helmet restricted)
rElec    .         Harm     .   y - +1 cloak
rCorr    .         Rampage  .   (gloves unavailable)
Will     +....                  (boots unavailable)
Stlth    ++........             p - amulet of the acrobat
HPRegen  1.08/turn              C - ring of willpower
MPRegen  0.14/turn              o - ring of poison resistance

@: no status effects
A: large, unfitting armour, claws 3, regeneration 1, shaggy fur 1, tough skin 3
a: Renounce Religion, Recite, Vitalisation, Imprison, Sanctuary, Donate Gold


You were in an ice cave.
You worshipped Zin.
Zin was extremely pleased with you.
You visited 2 branches of the dungeon, and saw 12 of its levels.
You also visited: Sewer and Ice Cave.

You collected 687 gold pieces.
You donated 68 gold pieces to Zin.

Inventory:

Missiles
 t - 9 boomerangs
 v - 7 javelins
 w - 12 large rocks (quivered)
 Z - 2 throwing nets {!f}
Armour
 a - a +0 robe
 n - a +0 troll leather armour (worn)
   (You found it on level 11 of the Dungeon)
 u - a +0 kite shield (worn)
   (You found it on level 1 of the Dungeon)
 y - a +1 cloak (worn)
   (You found it on level 2 of the Dungeon)
Jewellery
 c - an uncursed ring of protection from cold
   (You took it off a gnoll on level 8 of the Dungeon)
 o - a ring of poison resistance (right claw)
   (You found it on level 9 of the Dungeon)
 p - an amulet of the acrobat (around neck)
   (You found it on level 3 of the Dungeon)
 q - a +6 ring of strength
   (You found it on level 2 of the Dungeon)
 s - an uncursed ring of see invisible
   (You found it on level 10 of the Dungeon)
 z - an uncursed ring of willpower
   (You found it on level 1 of the Dungeon)
 C - a ring of willpower (left claw)
   (You found it on level 3 of the Dungeon)
Wands
 A - a wand of acid (6)
   (You found it on level 10 of the Dungeon)
 D - a wand of digging (3)
 I - a wand of iceblast (22)
   (You took it off an orc priest on level 11 of the Dungeon)
 P - a wand of paralysis (18)
   (You took it off an orc warrior on level 8 of the Dungeon)
Scrolls
 b - 5 scrolls of fog
 d - 4 scrolls of fear
 e - a scroll of vulnerability {unknown}
 f - a scroll of enchant armour
 i - a scroll of brand weapon
 r - 3 scrolls of amnesia
 B - 5 scrolls of blinking {!r@r4}
 E - a scroll of enchant weapon
 J - a scroll of immolation
 M - 2 scrolls of magic mapping
 R - a scroll of identify {@r1}
 T - 5 scrolls of teleportation {@r3}
 W - 9 scrolls of remove curse {@r2}
Potions
 g - 2 potions of attraction
 h - 3 potions of mutation
 j - 2 potions of heal wounds {@q2}
 k - 4 potions of magic
 l - 3 potions of might {@q4}
 x - 2 potions of invisibility
 F - a potion of brilliance
 G - 3 potions of ambrosia
 H - 5 potions of haste {@q3}
 K - 2 potions of flight {unknown}
 Q - 10 potions of curing {@q1}
Miscellaneous
 m - a lightning rod (4/4)
   (You found it on level 10 of the Dungeon)


   Skills:
 + Level 8.6 Fighting
 + Level 4.7 Throwing
 - Level 4.0 Dodging
 - Level 2.7 Stealth
 + Level 2.3 Shields
 + Level 12.0 Unarmed Combat
 + Level 6.4 Invocations


You had 10 spell levels left.
You didn't know any spells.
Your spell library contained the following spells:

 Spells                   Type           Power        Failure   Level
 Animate Skeleton         Necr           0%           94%         1
 Apportation              Tloc           0%           94%         1
 Beastly Appendage        Tmut           0%           94%         1
 Corona                   Hex            0%           94%         1
 Magic Dart               Conj           0%           94%         1
 Sandblast                Erth           0%           94%         1
 Summon Small Mammal      Summ           0%           94%         1
 Blink                    Tloc           N/A          98%         2
 Call Imp                 Summ           0%           98%         2
 Ensorcelled Hibernation  Hex/Ice        0%           98%         2
 Passwall                 Tmut/Erth      0%           98%         2
 Slow                     Hex            0%           98%         2
 Wereblood                Tmut           0%           98%         2
 Call Canine Familiar     Summ           0%           100%        3
 Conjure Flame            Conj/Fire      0%           100%        3
 Mephitic Cloud           Conj/Pois/Air  0%           100%        3
 Spider Form              Tmut/Pois      0%           100%        3
 Stone Arrow              Conj/Erth      0%           100%        3
 Summon Guardian Golem    Hex/Summ       0%           100%        3
 Ice Form                 Ice/Tmut       0%           100%        4
 Petrify                  Tmut/Erth      0%           100%        4
 Summon Ice Beast         Ice/Summ       0%           100%        4
 Summon Lightning Spire   Summ/Air       0%           100%        4
 Blade Hands              Tmut           0%           100%        5
 Lee's Rapid Deconstruct  Erth           0%           100%        5


Dungeon Overview and Level Annotations

Branches:
Dungeon (11/15)            Temple (1/1) D:6            Lair (0/6) D:8
    Orc (0/2) D:10          Sewer (visited)           IceCv (1/1)

Altars:
Ashenzari
Cheibriados
Dithmenos
Elyvilon
Fedhas
Gozag
Hepliaklqana
Kikubaaqudgha
Makhleb
Nemelex Xobeh
Okawaru
Qazlal
Ru
Sif Muna
Trog
Uskayaw
Vehumet
Wu Jian
Xom
Yredelemnul
Zin
The Shining One
Lugonu

Shops:
D:5 :

Annotations:
D:9 3 runed translucent doors, Wofifit's ghost, novice DEWz


Innate Abilities, Weirdness & Mutations

You are too large for most types of armour.
You have claws for hands.
Your natural rate of healing is unusually fast.
You are covered in fur. (AC +1)
You have extremely tough skin. (AC +3)


Message History

The white ugly thing barely misses you.
You scratch the white ugly thing.
The white ugly thing is heavily wounded.
The white ugly thing barely misses you.
You scratch the white ugly thing.
The white ugly thing is heavily wounded.
The white ugly thing claws you.
* * * LOW HITPOINT WARNING * * *
The white ugly thing freezes you!
* * * LOW HITPOINT WARNING * * *
Unknown command.
You claw the white ugly thing!
The white ugly thing is severely wounded.
You block the white ugly thing's attack.
You claw the white ugly thing!
The white ugly thing is almost dead.
The white ugly thing claws you!
* * * LOW HITPOINT WARNING * * *
The white ugly thing freezes you!!
You die...

####### ####### ###
#.....## ##..[?$# ...
#......###.....)# ....
#.......#...@u..#.....
#.......#.......#....
#.∩..∩...............
#.......#.......#....
#.......#.......#....
#......###......# ...
#.....## ##..(..# ..
####### #######


You could see a white ugly thing.

Vanquished Creatures
  A two-headed ogre (D:11)
  An unseen horror (D:10)
  A wizard (D:10)
  An ugly thing (D:11)
  2 ice devils (D:11)
  3 trolls (D:9 D:10 D:11)
  Sigmund (D:2)
  2 shadows (D:10)
  A wyvern (D:11)
  A vampire (D:9)
  4 yaks (D:8 D:9)
  5 large abominations (D:10)
  Menkaure (D:6)
  Edmund (D:5)
  3 orc warriors (D:5 D:7 D:8)
  7 ice beasts (D:10 IceCv)
  4 sky beasts (D:5 D:7)
  3 black bears (D:8 D:10)
  A necrophage (D:9)
  7 ogres (D:6 D:9 D:10 D:11)
  4 phantoms (D:6 D:7 D:10)
  4 centaurs (D:5 D:6 D:11)
  7 small abominations (D:10)
  7 bullfrogs (D:9 D:7 D:6 D:8 D:10)
  A wyvern zombie (D:11)
  A water moccasin zombie (D:11)
  2 scorpions (D:5 D:6)
  15 killer bees (D:8 D:10 D:11)
  3 howler monkeys (D:5 D:8)
  2 bullfrog zombies (D:5 D:7)
  3 bullfrog skeletons (D:5 D:9 D:10)
  4 hounds (D:5 D:6 D:7 D:10)
  2 jellies (D:8 D:11)
  8 orc priests (D:4 D:7 D:10 D:11)
  10 orc wizards (D:4 D:3 D:5 D:7 D:11)
  A centaur skeleton (D:10)
  3 iguanas (D:3 D:6 D:7)
  11 worker ants (D:5 D:4 D:9 D:7 D:8)
  A killer bee zombie (D:5)
  6 ogre zombies (D:10)
  A howler monkey zombie (D:11)
  A worker ant zombie (D:8)
  9 gnolls (D:4 D:3 D:8)
  11 adders (Sewer D:3 D:2 D:6 D:9)
  2 river rats (D:5)
  A shadow imp (D:6)
  2 white imps (D:4 D:6)
  3 ufetubi (D:6 D:9 D:7)
  2 oozes (D:3 D:1)
  An adder skeleton (D:6)
  2 worms (D:3 D:2)
  5 leopard geckos (D:5 D:4 D:7 D:8)
  28 orcs (D:5 D:4 D:3 D:7 D:10)
  7 giant cockroaches (D:4 D:2 D:1 D:8 D:6)
  9 goblins (D:3 D:2 D:1)
  8 hobgoblins (D:3 D:2 D:1)
  19 jackals (D:2 D:1 D:3 D:6)
  9 kobolds (D:3 D:2 D:1)
  7 quokkas (D:5 D:2 D:6 D:9 D:10)
  9 ball pythons (D:5 Sewer D:2 D:1 D:6)
  18 bats (D:3 D:2 D:1)
  9 frilled lizards (Sewer D:2 D:1 D:4)
  A giant cockroach zombie (D:6)
  3 goblin skeletons (D:10)
  2 goblin zombies (D:10)
  A hobgoblin zombie (D:10)
  2 leopard gecko skeletons (D:5 D:4)
  A leopard gecko zombie (D:7)
  13 orc zombies (D:10)
  A quokka skeleton (D:5)
  A quokka zombie (D:7)
  10 rats (D:3 D:2 D:1)
343 creatures vanquished.

Vanquished Creatures (others)
  22 fungi (D:8)
  20 plants (D:8 D:9)
42 creatures vanquished.

Grand Total: 385 creatures vanquished

Notes
Turn   | Place    | Note
-------+----------+-------------------------------------------
     0 | D:5      | Canard the Troll Delver began the quest for the Orb.
     0 | D:5      | Reached XP level 1. HP: 22/22 MP: 0/0
    46 | D:5      | Noticed a centaur
    66 | D:5      | Reached skill level 3 in Fighting
    66 | D:5      | Reached XP level 2. HP: 20/31 MP: 1/1
    66 | D:5      | Reached XP level 3. HP: 24/37 MP: 2/2
   112 | D:5      | Reached skill level 3 in Unarmed Combat
   143 | D:5      | Reached XP level 4. HP: 45/45 MP: 3/3
   163 | D:5      | Noticed a sky beast
   189 | D:5      | Killed a sky beast
   190 | D:5      | Reached skill level 4 in Fighting
   190 | D:5      | Reached skill level 4 in Unarmed Combat
   190 | D:5      | Reached XP level 5. HP: 43/54 MP: 4/4
   217 | D:5      | Found Izitus's Book Shop.
   282 | D:5      | Noticed a sky beast
   298 | D:5      | Killed a sky beast
   299 | D:5      | Reached XP level 6. HP: 40/63 MP: 5/5
   381 | D:4      | Noticed Edmund
   425 | D:5      | HP: 12/63 [poisoned by a worker ant]
   430 | D:5      | HP: 10/63 [poisoned by a worker ant]
   437 | D:5      | HP: 12/63 [poisoned by a worker ant]
   551 | D:5      | Killed Edmund
   552 | D:5      | Reached skill level 5 in Unarmed Combat
   630 | D:5      | Noticed an orc warrior
   632 | D:5      | Reached skill level 5 in Fighting
   632 | D:5      | Reached XP level 7. HP: 67/72 MP: 6/6
   721 | D:5      | Reached skill level 6 in Unarmed Combat
   773 | D:4      | Found a glowing drain.
   780 | Sewer    | Entered a sewer
  1339 | D:3      | Reached skill level 6 in Fighting
  1459 | D:3      | Reached XP level 8. HP: 81/83 MP: 7/7
  1584 | D:3      | Reached skill level 7 in Unarmed Combat
  2659 | D:2      | Found a sparkling altar of Nemelex Xobeh.
  2821 | D:2      | Noticed Sigmund
  2829 | D:2      | Killed Sigmund
  2830 | D:2      | Reached skill level 8 in Unarmed Combat
  2955 | D:3      | Found a stormy altar of Qazlal.
  3637 | D:4      | Found a shimmering altar of Xom.
  3638 | D:4      | Found a hazy altar of Hepliaklqana.
  3639 | D:4      | Noticed a spectral ugly thing
  3968 | D:5      | Found a bloodstained altar of Trog.
  3974 | D:5      | Found a shimmering blue altar of Sif Muna.
  3977 | D:5      | Identified Sif Muna's Grimoire of the Frostbite and
                  | Bewitchment
  4326 | D:6      | Reached skill level 9 in Unarmed Combat
  4381 | D:6      | Found a staircase to the Ecumenical Temple.
  4382 | D:6      | Noticed Menkaure
  4390 | D:6      | Killed Menkaure
  4408 | Temple   | Entered the Ecumenical Temple
  4442 | Temple   | Became a worshipper of Zin the Law-Giver
  4442 | Temple   | Reached * piety under Zin
  4562 | D:6      | Reached XP level 9. HP: 71/89 MP: 8/8
  4607 | D:6      | Reached skill level 2 in Dodging
  4607 | D:6      | Reached skill level 1 in Invocations
  4644 | D:6      | You fall into a shaft and drop 3 floors!
  4917 | D:9      | Reached skill level 10 in Unarmed Combat
  4950 | D:8      | Noticed a troll
  5043 | D:9      | Killed a troll
  5099 | D:8      | Reached skill level 2 in Invocations
  5196 | D:8      | Reached ** piety under Zin
  5345 | D:7      | Reached skill level 3 in Dodging
  5356 | D:7      | Found a broken altar of Ashenzari.
  5680 | D:6      | Reached skill level 3 in Invocations
  5723 | D:6      | Reached *** piety under Zin
  5891 | D:6      | Found an ornate altar of the Wu Jian Council.
  6391 | D:8      | Found an opulent altar of Gozag.
  6394 | D:8      | Found a snail-covered altar of Cheibriados.
  6510 | D:8      | Found a white marble altar of Elyvilon.
  6510 | D:8      | Found an ancient bone altar of Kikubaaqudgha.
  6510 | D:8      | Found a glowing golden altar of the Shining One.
  6511 | D:8      | Found a shadowy altar of Dithmenos.
  6511 | D:8      | Found a blossoming altar of Fedhas.
  6685 | D:8      | Found a shimmering blue altar of Sif Muna.
  6761 | D:8      | Reached XP level 10. HP: 100/100 MP: 11/11
  6812 | D:8      | Reached skill level 7 in Fighting
  6862 | D:8      | Reached skill level 4 in Dodging
  6863 | D:8      | Found a staircase to the Lair.
  7062 | D:9      | Reached skill level 4 in Invocations
  7309 | D:9      | Reached **** piety under Zin
  7378 | D:9      | Found a runed translucent gate.
  7378 | D:9      | Found a runed translucent gate.
  7383 | D:9      | Found a runed translucent gate.
  7383 | D:9      | Noticed Wofifit's ghost (novice DEWz)
  7385 | D:9      | Noticed a nine-headed hydra
  7401 | D:9      | Reached skill level 11 in Unarmed Combat
  7404 | D:9      | Reached skill level 1 in Throwing
  7829 | D:10     | Entered Level 10 of the Dungeon
  7836 | D:10     | Killed an unseen horror
  7884 | D:10     | Reached skill level 2 in Throwing
  8083 | D:10     | Reached ***** piety under Zin
  8105 | D:10     | Reached skill level 5 in Invocations
  8111 | D:10     | Found a staircase to the Orcish Mines.
  8192 | D:10     | Noticed a wizard
  8198 | D:10     | Killed a wizard
  8199 | D:10     | Reached skill level 3 in Throwing
  8203 | D:10     | Noticed a large abomination
  8321 | D:10     | Reached skill level 8 in Fighting
  8486 | D:10     | Reached XP level 11. HP: 111/111 MP: 14/14
  9428 | D:11     | Reached skill level 4 in Throwing
  9445 | D:11     | Reached skill level 1 in Shields
  9579 | D:11     | Reached skill level 6 in Invocations
  9603 | D:11     | Noticed a two-headed ogre
  9778 | D:11     | Killed a two-headed ogre
  9808 | D:11     | Noticed a purple ugly thing
  9821 | D:11     | Killed a purple ugly thing
  9822 | D:11     | Reached skill level 2 in Shields
  9958 | D:11     | Found a frozen archway.
  9970 | D:11     | Reached skill level 12 in Unarmed Combat
 10029 | IceCv    | Entered an ice cave
 10098 | IceCv    | Noticed a white ugly thing
 10116 | IceCv    | Mangled by a white ugly thing

Illustrated notes

Levels and vault maps discovered:
D:1:      dpeg_arrival_subterranean_lakeside_camping, layout_basic
D:2:      layout_loops_ring, overflow_temple_1_default, uniq_sigmund
D:3:      layout_basic, nicolae_qazlal_general_emergency
D:4:      layout_cave_pools, regret_index_temple_of_mockery,
          cheibrodos_sewer_entry_sluice, chequers_decorated_corner, uniq_edmund
D:5:      layout_cave_pools, nzn_overflow_gifts_of_might_and_magic,
          serial_shops, shop
D:6:      layout_loops_ring, nzn_wu_jian_council_hall,
          minmay_temple_entry_ruins, kennysheep_small_spiral,
          minmay_fractal_squares_5, uniq_menkaure
D:7:      layout_basic, nicolae_ashenzari_panopticon
D:8:      minmay_inner_zag, layout_loops_ring, cheibriados_altar_1,
          grunt_temple_overflow_open, grunt_lair_entry_orc_guard_hut,
          led_sif_book
D:9:      layout_gridville, gammafunk_ghost_hydra_chop
D:10:     layout_loops_ring, zombieorc1_lemuel, laboratory
D:11:     layout_cave_pools, portal_ice_cave_demonic_guard, st_stairs_3
Temple:   corrupted_temple
IceCv:    ice_cave_statue_garden_chambered

Skill      XL: |  1  2  3  4  5  6  7  8  9 10 11 |
---------------+----------------------------------+-----
Fighting       | 3 4 5 6 8 |  8.6
Unarmed Combat | 3 4 5 6 9 10 11 12 | 12.0
Dodging        | 3 4 |  4.0
Invocations    | 3 5 6 |  6.4
Throwing       | 3 4 |  4.7
Shields        | 2 |  2.3
Stealth        | |  2.7

Action                   |  1- 3 |  4- 6 |  7- 9 | 10-12 || total
-------------------------+-------+-------+-------+-------++-------
Melee: Unarmed           |    17 |    75 |   519 |   354 ||   965
       Punch             |     1 |       |    19 |    14 ||    34
Throw: Large rock        |       |       |       |     3 ||     3
Invok: Recite            |       |       |     3 |    14 ||    17
  Use: Scroll            |       |       |       |    20 ||    20
 Stab: Distracted        |     1 |       |       |       ||     1
       Sleeping          |       |     1 |    16 |     1 ||    18
       Confused          |       |       |       |     4 ||     4
       Paralysed         |       |       |       |     4 ||     4
       Invisible         |       |       |       |     1 ||     1
Armor: Robe              |     5 |    18 |   121 |    43 ||   187
       Troll leather arm |       |       |       |    31 ||    31
Dodge: Dodged            |     9 |    32 |   311 |   144 ||   496
Block: Kite shield       |       |       |       |    39 ||    39
